 Dungeon Crawl Stone Soup version 0.31.0-12-g77e489cdc1 (webtiles) character file.

Game seed: 12151755761305509967

115 nightchill the Chopper (level 5, -6/47 HPs)
             Began as a Hill Orc Fighter on Feb 11, 2024.
             Was a Follower of the Shining One.
             Splashed by a jelly's acid (8 damage)
             ... on level 3 of the Dungeon.
             The game lasted 00:03:21 (2193 turns).

nightchill the Chopper (Hill Orc Fighter)           Turns: 2193, Time: 00:03:22

Health: -6/47      AC:  3    Str: 19    XL:     5   Next: 0%
Magic:  5/5        EV:  1    Int:  8    God:    the Shining One [*.....]
Gold:   222        SH:  0    Dex: 10    Spells: 4/4 levels left

rFire   + + .        a - +0 war axe
rCold   + . .        c - +0 buckler
rNeg    . . .        u - +0 gold dragon scales
rPois   +            (no helmet)
rElec   .            (no cloak)
rCorr   .            (no gloves)
SInv    .            e - +0 pair of boots
Will    .....        (no amulet) Stlth
                     (no ring)
HPRegen 0.27/turn    (no ring)
MPRegen 0.09/turn

%: no passive effects
@: confused, corroded, hasted, glowing, very quick
A: camouflage 1, fire resistance 1, shaggy fur 1, weak 1
a: Renounce Religion, Divine Shield


You were on level 3 of the Dungeon.
You worshipped the Shining One.
The Shining One was aware of your devotion.
You visited 1 branch of the dungeon, and saw 3 of its levels.

You collected 222 gold pieces.

Inventory:

Hand Weapons
 a - a +0 war axe (weapon)
 o - the +8 quarterstaff of the Scorpion {elec, rPois Dex+5}
   (You found it on level 2 of the Dungeon)

   Dex+5:     It affects your dexterity (+5).
   rPois:     It protects you from poison
Missiles
 i - 5 poisoned darts (quivered)
Armour
 b - a +0 scale mail
 c - a +0 buckler (worn)
 e - a +0 pair of boots (worn)
 s - a +0 pair of boots
 u - +0 gold dragon scales (worn)
Jewellery
 p - a ring of positive energy
Scrolls
 f - a scroll of fog {unknown}
 g - a scroll of teleportation {unknown}
 h - 2 scrolls of brand weapon {unknown}
 j - 4 scrolls of identify {unknown}
 l - a scroll of enchant weapon {unknown}
 m - a scroll of fear {unknown}
 q - a scroll of enchant armour {unknown}
 r - a scroll of vulnerability {unknown}
Potions
 d - 2 potions of might
 k - a potion of mutation
 n - a potion of curing {unknown}
 t - a potion of haste


   Skills:
 + Level 4.8 Fighting
 * Level 5.6 Axes
 - Level 3.2 Armour
 - Level 3.2 Shields


You had 4 spell levels left.
You didn't know any spells.
Your spell library was empty.

Dungeon Overview and Level Annotations

Branches:
Dungeon (3/15)

Altars:
The Shining One

Annotations:
D:3 Ijyb


Innate Abilities, Weirdness & Mutations

Your skin changes colour to match your surroundings (Stealth+).
Your flesh is heat resistant. (rF+)
You are covered in fur. (AC +1)
You are weak. (Str -2)


Message History

The jelly hits you but does no damage. The jelly attacks as it pursues you!
The jelly hits you but does no damage. The jelly hits you but does no damage.
You barely miss Ijyb. You hit the jelly.
Your hands burn!
The jelly hits you but does no damage. Ijyb hits you but does no damage.
You hit Ijyb but do no damage. You hit the jelly.
Your hands burn!
The jelly hits you but does no damage. Ijyb hits you but does no damage.
You hit Ijyb.
Ijyb is moderately wounded.
You hit the jelly but do no damage. The acid corrodes you!
Your hands burn!
The jelly hits you. The acid corrodes you!
You are splashed with acid.
Ijyb hits you with a +0 club. The jelly hits you but does no damage.
You hit the jelly but do no damage.
Your hands burn!
* * * LOW HITPOINT WARNING * * *
The jelly is almost dead.
You barely miss Ijyb.
You feel less confused. Ijyb hits you with a +0 club.
* * * LOW HITPOINT WARNING * * *
The jelly hits you but does no damage. Ijyb hits you but does no damage.
You slash Ijyb!
Ijyb is heavily wounded.
You hit the jelly.
Your hands burn!
* * * LOW HITPOINT WARNING * * *
The jelly hits you.
* * * LOW HITPOINT WARNING * * *
The acid corrodes you!
You are splashed with acid!
* * * LOW HITPOINT WARNING * * *
Ijyb zaps a wand.
Your will is overpowered!
You are confused.
It was a potion of haste.
You feel yourself speed up. The jelly hits you but does no damage.
Ijyb hits you with a +0 club.
* * * LOW HITPOINT WARNING * * *
You barely miss Ijyb.
Ijyb is heavily wounded.
You completely miss the jelly. The jelly hits you.
* * * LOW HITPOINT WARNING * * *
You are splashed with acid!
You die...

... ...... ......
......######### .......
..............#.
.........................
........................#
.......................#
...................)...#
................@!.....#
................gJ.....#
.......................#
.......................#
#......................#
##....................##
##...................##
........>...........##
....#..............##


You could see Ijyb and a jelly.

Vanquished Creatures
  A hound (D:3)
  An adder (D:3)
  5 dart slugs
  A ribbon worm (D:2)
  2 orcs
  9 ball pythons
  4 bats
  2 endoplasms
  4 giant cockroaches
  5 goblins
  7 hobgoblins
  2 quokkas
  2 frilled lizards (D:2)
  6 kobolds
  5 rats
56 creatures vanquished.

Notes
Turn   | Place    | Note
-------+----------+-------------------------------------------
     0 | D:1      | nightchill the Hill Orc Fighter began the quest for the
                  | Orb.
     0 | D:1      | Reached XP level 1. HP: 19/19 MP: 1/1
   170 | D:1      | Reached skill level 3 in Axes
   205 | D:1      | Reached XP level 2. HP: 27/27 MP: 2/2
   451 | D:1      | Reached skill level 4 in Axes
   528 | D:1      | Reached XP level 3. HP: 32/33 MP: 3/3
  1349 | D:2      | Found a faded altar of an unknown god.
  1369 | D:2      | Prayed at the altar of an unknown god.
  1369 | D:2      | Became a worshipper of the Shining One
  1369 | D:2      | Reached * piety under the Shining One
  1611 | D:2      | Identified the +8 quarterstaff of the Scorpion {elec, rPois
                  | Dex+5}
  1695 | D:2      | Reached XP level 4. HP: 35/41 MP: 4/4
  1812 | D:3      | Reached skill level 5 in Axes
  2176 | D:3      | Noticed Ijyb
  2180 | D:3      | Reached XP level 5. HP: 47/47 MP: 5/5
  2182 | D:3      | Gained mutation: You are weak. (Str -2) [potion of
                  | mutation]
  2182 | D:3      | Gained mutation: Your flesh is heat resistant. (rF+)
                  | [potion of mutation]
  2182 | D:3      | Gained mutation: You are covered in fur. (AC +1) [potion of
                  | mutation]
  2182 | D:3      | Gained mutation: Your skin changes colour to match your
                  | surroundings (Stealth+). [potion of mutation]
  2193 | D:3      | HP: 2/47 [jelly (1)]
  2193 | D:3      | Splashed by a jelly's acid

Illustrated notes

Levels and vault maps discovered:
D:1:      evilmike_arrival_rings, layout_loops_ring, kennysheep_another_room
D:2:      layout_basic, hellmonk_ecumenical_altar_zigzags, eino_curves_03,
          serial_bayou_lagoon_a, minmay_joined_circles
D:3:      layout_basic, gammafunk_ghost_necromancy, uniq_ijyb

Skill      XL: |  1  2  3  4 |
---------------+-------------+-----
Axes           | 3 4 5 |  5.6
Fighting       | 4 |  4.8
Armour         | |  3.2
Shields        | |  3.2

Action                     |  1- 3 |  4- 6 || total
---------------------------+-------+-------++-------
  Melee: War axe           |   113 |    34 ||   147
    Use: Potion            |       |     2 ||     2
 Armour: Scale mail        |    87 |     6 ||    93
         Gold dragon scale |       |    33 ||    33
  Dodge: Dodged            |    46 |     4 ||    50
  Block: Buckler           |    34 |     5 ||    39
